 Dungeon Crawl Stone Soup version 0.31-a0-818-ge7c7cf74f0 (webtiles) character file.

Game seed: 17658167430812606380

81 Napalmbreeze the Trooper (level 4, -2/4 HPs)
             Began as a Minotaur Gladiator on Sept 23, 2023.
             Was an Initiate of Ru.
             Slain by a kobold
             ... wielding a +0 dagger
              (3 damage)
             ... on level 3 of the Dungeon on Dec 25, 2023.
             The game lasted 00:07:55 (2165 turns).

Napalmbreeze the Trooper (Minotaur Gladiator)       Turns: 2165, Time: 00:07:56

Health: -2/4       AC:  0    Str: 21    XL:     4   Next: 20%
Magic:  3/3        EV: 12    Int:  5    God:    Ru [......]
Gold:   84         SH:  0    Dex: 11    Spells: 3/3 levels left

rFire   . . .        a - +0 war axe
rCold   . . .        (no shield)
rNeg    . . .        f - melded +0 ring mail
rPois   .            c - +0 hat
rElec   .            (no cloak)
rCorr   .            (no gloves)
SInv    .            (no boots)
Will    .....        (no amulet)
Stlth   +            (no ring)
HPRegen 0.20/turn    (no ring)
MPRegen 0.08/turn

%: no passive effects
@: maw-form
A: devouring maw, reduced hp, horns 2, retaliatory headbutt
a: Begin Untransformation, Renounce Religion


You were on level 3 of the Dungeon.
You worshipped Ru.
Ru was noncommittal.
You were a creature with a mouth for a stomach.
You visited 1 branch of the dungeon, and saw 3 of its levels.

You collected 84 gold pieces.

Inventory:

Hand Weapons
 a - a +0 war axe (weapon)
 o - a +0 short sword of venom
Missiles
 d - 3 throwing nets
 e - a javelin
 j - 2 poisoned darts (quivered)
Armour
 b - a +0 leather armour
 c - a +0 hat (worn)
 f - a +0 ring mail (melded)
Talismans
 g - a maw talisman (active)
Scrolls
 n - a scroll of vulnerability
 p - a scroll of immolation {unknown}
Potions
 h - a potion of degeneration {unknown}
 i - a potion of curing {unknown}
 k - a potion of invisibility {unknown}
 m - a potion of brilliance {unknown}
 q - 3 potions of lignification {unknown}
 r - 2 potions of enlightenment {unknown}


   Skills:
 + Level 4.7 Fighting
 + Level 4.5 Axes
 - Level 2.0 Throwing
 - Level 3.3 Dodging


You had 3 spell levels left.
You didn't know any spells.
Your spell library was empty.

Dungeon Overview and Level Annotations

Branches:
Dungeon (3/15)

Altars:
Ru


Innate Abilities, Weirdness & Mutations

You are a creature with a mouth for a stomach.
Your midsection houses a second, enormous mouth.
Your maximum health is decreased, since you lack skill for your form.
You have a pair of horns on your head.
You reflexively headbutt those who attack you in melee.


Message History

You don't know any spells.
No target in view!
You start waiting.
Done waiting.
There is a stone staircase leading up here.
You climb upwards.
There is a stone staircase leading down here.
You aren't wearing any rings or amulets.
Okay, then.
Okay, then.
Okay, then.
Okay, then.
You don't know any spells.
You begin transforming.
You continue transforming. x3
You turn into a creature with a mouth for a stomach.
Your +0 ring mail melds into your body.
HP restored.
Done exploring.
No target in view!
Done exploring.
There is a stone staircase leading down here.
You climb downwards.
There is a stone staircase leading up here.
q - 3 metallic golden potions (gained 2)
A rat comes into view.
A rat is nearby!
You slash the rat!
You kill the rat!
No target in view!
A kobold and an orc come into view.
The kobold shouts!
The orc shouts!
You hear a shout! x2
An orc comes into view. It is wielding a +0 club.
The kobold hits you with a +0 dagger.
Ouch! That really hurt!
* * * LOW HITPOINT WARNING * * *
You are too injured to fight recklessly!
You are too injured to fight recklessly!
Unknown command.
The kobold attacks as it pursues you! The kobold hits you with a +0 dagger.
Ouch! That really hurt!
You die...

#.............#
##.#####.######
#.### #.# ##...###.#
#........#
#.##.#############..
#...####...o..o..
###....#K#######.
####.W.# ###.# #.#
#.# #.# #.. #.# .#


You could see a kobold.

Vanquished Creatures
  An iguana (D:2)
  An adder (D:2)
  2 worms (D:2)
  8 ball pythons
  2 endoplasms (D:2)
  A giant cockroach (D:2)
  5 hobgoblins
  7 kobolds
  3 bats
  A frilled lizard (D:1)
  4 goblins
  3 rats
38 creatures vanquished.

Notes
Turn   | Place    | Note
-------+----------+-------------------------------------------
     0 | D:1      | Napalmbreeze the Minotaur Gladiator began the quest for the
                  | Orb.
     0 | D:1      | Reached XP level 1. HP: 18/18 MP: 0/0
   233 | D:1      | Found a faded altar of an unknown god.
   430 | D:1      | Reached XP level 2. HP: 26/26 MP: 1/1
  1098 | D:2      | Reached XP level 3. HP: 28/33 MP: 2/2
  1173 | D:2      | Found a sacrificial altar of Ru.
  1331 | D:2      | Became a worshipper of Ru the Awakened
  1692 | D:2      | Reached XP level 4. HP: 18/41 MP: 3/3
  2165 | D:3      | Slain by a kobold

Illustrated notes

Levels and vault maps discovered:
D:1:      nicolae_arrival_somewhat_less_tricky_arrival, layout_basic,
          dreamdust_ecumenical_altar_statues, grunt_decor_one_mirror,
          minmay_door_square
D:2:      layout_loops_ring, basic_altar, minmay_guardbox
D:3:      layout_basic, grunt_ministairs_5, minivault_14,
          minmay_misc_feat_pillars, minmay_ruptured, uniq_natasha

Skill      XL: |  1  2 |
---------------+-------+-----
Fighting       | 3 4 |  4.7
Axes           | 4 |  4.5
Throwing       | |  2.0
Dodging        | |  3.3

Action                     |  1- 3 |  4- 6 || total
---------------------------+-------+-------++-------
  Melee: War axe           |    61 |    20 ||    81
         Headbutt          |     8 |       ||     8
         Punch             |     1 |       ||     1
  Throw: Dart              |       |     2 ||     2
    Use: Scroll            |       |     2 ||     2
 Armour: Leather armour    |    11 |       ||    11
         Ring mail         |    24 |     9 ||    33
         Skin              |       |     2 ||     2
  Dodge: Dodged            |    32 |    11 ||    43
   Form: Maw               |       |     1 ||     1

Table legend: (Time is in decaauts)
 A = Elapsed time spent in this place.
 B = Non-inter-level travel time spent in this place.
 C = Inter-level travel time spent in this place.
 D = Time resting spent in this place.
 E = Time spent auto-exploring this place.
 F = Levels seen in this place.
 G = Mean time per level.
                   A        B        C        D        E       F      G
               +--------+--------+--------+--------+--------+-----+--------+
         Total |   2190 |   2078 |    112 |    235 |   1468 |   3 |  730.0 |
       Dungeon |   2190 |   2078 |    112 |    235 |   1468 |   3 |  730.0 |
               +--------+--------+--------+--------+--------+-----+--------+

Top non-repeatable levels by time:
     D:1: 1044 daAuts
     D:2: 998 daAuts
     D:3: 147 daAuts
